 Dungeon Crawl Stone Soup version 0.29-a0-364-g921d912d32 (webtiles) character file.

Game seed: 962980456882672004

88 ptdevnull the Shooter (level 4, -2/37 HPs)
             Began as a Minotaur Hunter on Apr 30, 2022.
             Slain by a worm (9 damage)
             ... on level 2 of the Dungeon.
             The game lasted 00:02:12 (1270 turns).

ptdevnull the Shooter (Minotaur Hunter)             Turns: 1270, Time: 00:02:12

Health: -2/37      AC:  4    Str: 16    XL:     4   Next: 30%
Magic:  3/3        EV: 12    Int:  6    God:
Gold:   62         SH:  0    Dex: 15    Spells: 3/3 levels left

rFire   + . .      SeeInvis +   a - +1 shortbow
rCold   . . .      Faith    .   (shield currently unavailable)
rNeg    . . .      Spirit   .   b - +0 leather armour
rPois   .          Reflect  .   (helmet restricted)
rElec   .          Harm     .   (no cloak)
rCorr   .          Rampage  .   n - +0 pair of gloves
Will    .....                   (no boots)
Stlth   +.........              (no amulet)
HPRegen 0.12/turn               i - ring of see invisible
MPRegen 0.08/turn               (no ring)

@: flying, invisible
A: horns 2, retaliatory headbutt, see invisible, fire resistance 1
a: no special abilities


You were on level 2 of the Dungeon.
You visited 1 branch of the dungeon, and saw 2 of its levels.

You collected 62 gold pieces.

Inventory:

Hand Weapons
 a - a +1 shortbow (weapon)
Armour
 b - a +0 leather armour (worn)
 n - a +0 pair of gloves (worn)
Jewellery
 i - a ring of see invisible (left hand)
Scrolls
 c - a scroll of immolation
 g - 2 scrolls of identify {unknown}
 h - a scroll of fog {unknown}
 k - a scroll of amnesia {unknown}
 m - a scroll of teleportation {unknown}
Potions
 d - a potion of heal wounds {unknown}
 e - a potion of curing


   Skills:
 - Level 2.4 Fighting
 + Level 6.3 Bows
 + Level 1.1 Armour
 - Level 2.1 Dodging
 - Level 0.7 Stealth


You had 3 spell levels left.
You didn't know any spells.
Your spell library contained the following spells:

 Spells                   Type           Power      Damage    Failure   Level
 Gell's Gravitas          Tloc           0%         N/A       88%         3
 Lesser Beckoning         Tloc           0%         N/A       88%         3
 Teleport Other           Tloc           0%         N/A       88%         3


Dungeon Overview and Level Annotations

Branches:
Dungeon (2/15)

Altars:

Shops:
D:1 (

Annotations:
D:2 Natasha


Innate Abilities, Weirdness & Mutations

You have a pair of horns on your head.
You reflexively headbutt those who attack you in melee.
You have supernaturally acute eyesight. (SInv)
Your flesh is heat resistant. (rF+)


Message History

The arrow hits the worm but does no damage.
You shoot an arrow. The arrow barely misses the worm.
You shoot an arrow. The arrow hits the worm.
The worm is lightly wounded.
You shoot an arrow. The arrow barely misses the worm.
The worm bites you.
You shoot an arrow.
The arrow hits the worm but does no damage.
The worm bites you!
A worm comes into view.
A bat and Natasha come into view.
Natasha hisses angrily.
Natasha howls an incantation.
Natasha glows brightly for a moment.
The bat attacks as you move away! The bat closely misses you.
Natasha attacks as you move away! Natasha barely misses you.
The bat barely misses you. You furiously retaliate!
You headbutt the bat.
You kill the bat!
You shoot an arrow. The arrow hits Natasha!
Natasha is heavily wounded.
Natasha barely misses you. The worm bites you.
You shoot an arrow. The arrow closely misses Natasha.
Natasha barely misses you. The worm bites you!
You are too injured to fight recklessly!
You are too injured to fight recklessly!
You are too injured to fight recklessly!
You are too injured to fight recklessly!
It was a potion of curing.
You feel better. Natasha claws you.
It was a potion of mutation.
You feel extremely strange.
You feel resistant to heat.
Your vision sharpens.
Natasha claws you.
* * * LOW HITPOINT WARNING * * *
The worm barely misses you.
It was a potion of flight.
You feel very buoyant.
You fly up into the air.
Natasha claws you.
* * * LOW HITPOINT WARNING * * *
It was a potion of invisibility.
You fade into invisibility!
Natasha claws you but does no damage. The worm bites you!
You die...

.. ..# ..... ..
..# ..... ###.
..## .....
..w###..# .....
...#...#
#..####.....######
#....###.#........
#....h@ww...#
####.###.##)#
###.# #.# #.##.#
..#.# #.# #.##.#
#.#.# ###.###.##.#
#.#.# ........##.#
#.#.# #.###.##.#
#.#.# #.##.#...#
#.#.# #.###.####


You could see 2 worms and Natasha.

Vanquished Creatures
  Natasha (twice) (D:2)
  A dart slug (D:1)
  3 bats
  3 endoplasms (D:1)
  A giant cockroach (D:1)
  2 goblins (D:1)
  3 hobgoblins (D:1)
  6 kobolds
  4 quokkas (D:1)
  A ball python (D:1)
  3 frilled lizards (D:1)
  7 rats
36 creatures vanquished.

Vanquished Creatures (others)
  4 plants (D:1)
4 creatures vanquished.

Grand Total: 40 creatures vanquished

Notes
Turn   | Place    | Note
-------+----------+-------------------------------------------
     0 | D:1      | ptdevnull the Minotaur Hunter began the quest for the Orb.
     0 | D:1      | Reached XP level 1. HP: 18/18 MP: 0/0
    87 | D:1      | Reached XP level 2. HP: 25/25 MP: 1/1
   110 | D:1      | Reached skill level 5 in Bows
   307 | D:1      | Found Mouruvu's Weapon Emporium.
   590 | D:1      | Reached XP level 3. HP: 30/30 MP: 2/2
   935 | D:2      | Noticed Natasha
   938 | D:2      | Killed Natasha
   945 | D:2      | Noticed Natasha
   956 | D:2      | Killed Natasha
   957 | D:2      | Reached skill level 6 in Bows
   957 | D:2      | Reached skill level 1 in Armour
   957 | D:2      | Reached XP level 4. HP: 11/37 MP: 3/3
  1196 | D:2      | Found a faded altar of an unknown god.
  1261 | D:2      | Noticed Natasha
  1268 | D:2      | Gained mutation: Your flesh is heat resistant. (rF+)
                  | [potion of mutation]
  1268 | D:2      | Gained mutation: You have supernaturally acute eyesight.
                  | (SInv) [potion of mutation]
  1270 | D:2      | Slain by a worm

Illustrated notes

Levels and vault maps discovered:
D:1:      onia_arrival_handbag, layout_loops_ring, serial_shops, shop,
          serial_bayou_ford_a
D:2:      layout_loops_ring, serial_shops, nicolae_square_shop,
          hellmonk_ecumenical_altar_run_dry, minmay_misc_feat_doors,
          uniq_natasha, uniq_robin, uniq_terence

Skill      XL: |  1  2  3 |
---------------+----------+-----
Bows           | 5 6 |  6.3
Armour         | 1 |  1.1
Fighting       | |  2.4
Dodging        | |  2.1
Stealth        | |  0.7

Action                   |  1- 3 |  4- 6 || total
-------------------------+-------+-------++-------
 Fire: Shortbow          |    88 |    18 ||   106
  Use: Potion            |       |     4 ||     4
Armor: Leather armour    |     4 |     2 ||     6
Dodge: Dodged            |    20 |     6 ||    26

Table legend: (Time is in decaauts)
 A = Elapsed time spent in this place.
 B = Non-inter-level travel time spent in this place.
 C = Inter-level travel time spent in this place.
 D = Time resting spent in this place.
 E = Time spent auto-exploring this place.
 F = Levels seen in this place.
 G = Mean time per level.
                   A        B        C        D        E       F      G
               +--------+--------+--------+--------+--------+-----+--------+
         Total |   1319 |   1291 |     28 |    211 |    836 |   2 |  659.5 |
       Dungeon |   1319 |   1291 |     28 |    211 |    836 |   2 |  659.5 |
               +--------+--------+--------+--------+--------+-----+--------+

Top non-repeatable levels by time:
     D:1: 951 daAuts
     D:2: 368 daAuts
